Unix NetHack Version 5.0.0-0 post-release - last build Jun 10 2026 00:39:30 (3ee93aec679c4c4259841fe613dc97188e26a321,branch:main).

Game began 2026-07-06 00:18:20, ended 2026-07-06 00:30:07.

DaveT, lawful male human Priest

                                                                 ----
                                                        --       |..|    ----
                                                        .|     ---..-----...|
                                                       |.-     |......<....)|
                                                       |G.     |............|
                                                       |.      --.....--)..--
                                                       |r----   |.....||.---
                                                       |@|..-----.|.|.|-.|
                                                       |......^^..|-|.|..|
                                                       --...------- |...--
                                                        ---.-       |...|
                                                          |.(      --...|
                                                          |...     |....|
                                                          --.-- ---|.----
                                                            --  |..|.|
                                                                |..|.|
                                                                --...|
                                                                 -----

DaveT the Acolyte            St:12 Dx:11 Co:14 In:9 Wi:18 Ch:12  Lawful
Dlvl:4  $:3002 HP:0(35) Pw:54(54) AC:3  Xp:4 T:2133  Hungry  

Latest messages:
 There is a branch staircase up to the Dungeons of Doom here.
 You see here a cursed dagger.
 In what direction? l
 You kick a cursed dagger.
 You see here 3 cursed daggers.
 You hear crashing rock.
 You feel your magical energy drain away!
 The gnome lord hits!
 You miss the gnome lord.
 The gnome throws a dagger!
 The dagger hits the gnome lord.
 You hit the gnome lord!
 You miss the gnome lord.
 The gnome lord hits!
 The gnome throws a dagger!
 The dagger hits the gnome lord.
 The gnome lord is killed!
 You see here 2 blessed daggers.
 W - 2 blessed daggers.
 The gnome throws a dagger!
 A dagger misses you.
 The gnome wields a blessed dagger!
 You kill the gnome!
 You see here a blessed dagger.
 W - a blessed dagger (3 in total).
 W - a blessed dagger (4 in total).
 X - a cursed slime mold.
 You miss the gnome.
 You are beginning to feel weak.
 You kill the gnome!
 You hit the rabid rat.
 The rabid rat bites!
 You miss the rabid rat.
 The rabid rat bites!
 You miss the rabid rat.
 The rabid rat bites!
 You hit the rabid rat.
 You knock the rabid rat backward with a powerful strike!
 There is a gnome corpse here; eat it? [ynq] (n) y
 This gnome corpse is tough.
 You stop eating the gnome corpse.
 The rabid rat bites!
 You feel hungry.
 You miss the rabid rat.
 The rabid rat just misses!
 You hit the rabid rat!
 The rabid rat bites!
 You die...
 Do you want your possessions identified? [ynq] (y) y
 Do you want to see your attributes? [ynq] (y) q

Inventory:
 Coins    ('$')
  $ - 3002 gold pieces
 Weapons  (')')
  i - 11 +0 arrows
  W - 4 blessed +0 daggers
  S - a +0 orcish dagger
  a - a blessed +1 mace (weapon in right hand)
 Armor    ('[')
  T - a +0 orcish helm (being worn)
  c - a +0 small shield (being worn)
  b - a +0 robe (being worn)
  k - a +0 ring mail (being worn)
 Comestibles  ('%')
  X - a cursed slime mold
  E - 2 carrots
  e - 2 cloves of garlic
  j - 2 food rations
  f - a sprig of wolfsbane
 Scrolls  ('?')
  l - a cursed scroll of light
  U - a scroll of remove curse
 Potions  ('!')
  d - 2 potions of holy water
 Tools    ('(')
  z - an oil lamp
  y - a +0 pick-axe

DaveT the Priest's attributes:

Background:
 You were an Acolyte, a level 4 human Priest.
 You were lawful, on a mission for Athena
 who was opposed by Hermes (neutral) and Poseidon (chaotic).
 You were right-handed.
 You were in the Gnomish Mines, on level 4.
 You entered the dungeon 2133 turns ago.
 It was the midnight hour.
 You had 118 experience points, 42 more were needed to attain level 5.

Basics:
 You had 0 out of 35 hit points.
 You had all 54 energy points (spell power).
 Your armor class was 3.
 Your wallet contained 3002 zorkmids.
 Autopickup was off.

Final Characteristics:
 Your strength was 12 (limit:18/100).
 Your dexterity was 11 (limit:18).
 Your constitution was 14 (limit:18).
 Your intelligence was 9 (limit:18).
 Your wisdom was 18 (limit:18).
 Your charisma was 12 (limit:18).

Final Status:
 You were hungry.
 You were unencumbered.
 You were wielding a mace.
 You had basic skill with mace.

Final Attributes:
 You were devoutly aligned.
 You were guarded.
 Your spell casting was impaired by metallic armor, mitigated by your robe.
 You are dead.

Miscellaneous:
 You didn't encounter any bones levels.
 Total elapsed playing time was 11 minutes and 46 seconds.

Major events:
 Turn
    1: DaveT the lawful human Priest entered the dungeon
  894: entered the Gnomish Mines
 1126: attained the rank of Acolyte (level 3)
 2133: killed by a rabid rat

Spells:
 Name                 Level Category     Fail Retention
 detect monsters        1   divination    67%  76%-100%
 cure blindness         2   healing       92%  76%-100%
 restore ability        4   healing      100%  76%-100%
 confuse monster        1   enchantment   67%  76%-100%

Skills:
 Fighting Skills
   bare handed combat [Unskilled]
 Weapon Skills
   club               [Unskilled]
   mace               [Basic]
   morning star       [Unskilled]
   flail              [Unskilled]
   hammer             [Unskilled]
   quarterstaff       [Unskilled]
   polearms           [Unskilled]
   spear              [Unskilled]
   trident            [Unskilled]
   lance              [Unskilled]
   bow                [Unskilled]
   sling              [Unskilled]
   crossbow           [Unskilled]
   dart               [Unskilled]
   shuriken           [Unskilled]
   boomerang          [Unskilled]
   unicorn horn       [Unskilled]
 Spellcasting Skills
   healing spells     [Unskilled]
   divination spells  [Unskilled]
   clerical spells    [Basic]

Voluntary challenges:
 Character rerolling was not enabled.
 You never genocided any monsters.
 You never polymorphed an object.
 You never changed form.
 You used no wishes.
Achievements:
 You entered the Gnomish Mines.
 You entered a shop.
 You attained the rank of Acolyte.

 The Dungeons of Doom: levels 1 to 4
    Level 1:
       A fountain.
    Level 2: "empty vault"
       A fountain.
    Level 3:
       A general store.
       Stairs down to The Gnomish Mines.
    Level 4:
 The Gnomish Mines:
    Level 4: <- You were here.
       Final resting place for
          you, killed by a rabid rat.


Vanquished creatures:
  a small mimic
  a gnome leader
 an iguana
 an acid blob
  a hobgoblin
  4 gnomes
  3 geckos
  a jackal
  2 goblins
  2 sewer rats
  2 bats
  a lichen
  a kobold zombie
  7 newts
28 creatures vanquished.

No species were genocided or became extinct.

Game over:
                       ----------
                      /          \
                     /    REST    \
                    /      IN      \
                   /     PEACE      \
                  /                  \
                  |      DaveT       |
                  |     3002 Au      |
                  |   killed by a    |
                  |    rabid rat     |
                  |                  |
                  |                  |
                  |       2026       |
                 *|     *  *  *      | *
        _________)/\\_//(\/(/\)/\//\/|_)_______

Goodbye DaveT the Priest...

You died in The Gnomish Mines on dungeon level 4 with 3364 points,
and 3002 pieces of gold, after 2133 moves.
You were level 4 with a maximum of 35 hit points when you died.

